 Dungeon Crawl Stone Soup version 0.29.1-15-g9cfb28693d (webtiles) character file.

Game seed: 12051131045959020519

128 javelincjr the Magician (level 4, -8/33 HPs)
             Began as a Demonspawn Hedge Wizard on Apr 5, 2023.
             Was a High Priest of Ignis.
             Killed from afar by an orc wizard (9 damage)
             ... with a magic dart
             ... on level 3 of the Dungeon.
             The game lasted 00:08:45 (2736 turns).

javelincjr the Magician (Demonspawn Hedge Wizard)   Turns: 2736, Time: 00:08:45

Health: -8/33      AC:  3    Str: 13    XL:     4   Next: 86%
Magic:  1/9        EV: 12    Int: 15    God:    Ignis [*****.]
Gold:   194        SH:  0    Dex: 12    Spells: 5/10 levels left

rFire   + . .      SeeInvis .   e - +1 short sword (drain)
rCold   . . .      Faith    .   (no shield)
rNeg    . . .      Spirit   .   b - +0 robe
rPois   .          Reflect  .   c - +0 hat
rElec   .          Harm     .   (no cloak)
rCorr   .          Rampage  .   (no gloves)
Will    .....                   s - +0 pair of boots
Stlth   ++........              (no amulet)
HPRegen 0.11/turn               (no ring)
MPRegen 0.11/turn               (no ring)

@: no status effects
A: horns 2, ignite blood 1
a: Renounce Religion, Fiery Armour, Foxfire Swarm, Rising Flame


You were on level 3 of the Dungeon.
You worshipped Ignis.
Ignis was extremely pleased with you.
You visited 1 branch of the dungeon, and saw 3 of its levels.

You collected 194 gold pieces.

Inventory:

Hand Weapons
 a - a +0 dagger
 e - a +1 short sword of draining (weapon)
 f - a +3 short sword
Missiles
 q - a throwing net
Armour
 b - a +0 robe (worn)
 c - a +0 hat (worn)
 g - a +0 pair of boots
 i - a +0 buckler
 s - a +0 pair of boots (worn)
Wands
 t - a wand of polymorph (8)
Scrolls
 h - a scroll of silence {unknown}
 j - 5 scrolls of identify {unknown}
 l - a scroll of amnesia {unknown}
 m - a scroll of fear {unknown}
 o - 2 scrolls of teleportation {unknown}
 r - a scroll of magic mapping {unknown}
Potions
 d - a potion of magic
 k - a potion of attraction {unknown}
 n - a potion of mutation {unknown}
 p - a potion of resistance {unknown}
 u - 2 potions of lignification {unknown}


   Skills:
 * Level 1.7 Fighting
 + Level 0.9 Armour
 + Level 2.2 Dodging
 - Level 1.7 Stealth
 + Level 0.6 Shields
 * Level 3.5 Spellcasting
 + Level 1.8 Conjurations
 + Level 1.7 Summonings
 + Level 1.4 Translocations


You had 5 spell levels left.
You knew the following spells:

 Your Spells              Type           Power      Damage    Failure   Level
a - Magic Dart            Conj           32%        1d4       9%          1
b - Call Imp              Summ           7%         N/A       14%         2
c - Blink                 Tloc           14%        N/A       16%         2

Your spell library contained the following spells:

 Spells                   Type           Power      Damage    Failure   Level
 Slow                     Hex            8%         N/A       19%         1
 Gell's Gravitas          Tloc           7%         N/A       30%         3
 Teleport Other           Tloc           7%         N/A       30%         3
 Conjure Flame            Conj/Fire      5%         6-21      36%         3
 Mephitic Cloud           Conj/Pois/Air  4%         N/A       41%         3
 Dispersal                Tloc           3%         N/A       100%        6


Dungeon Overview and Level Annotations

Branches:
Dungeon (3/15)

Altars:
Ignis

Annotations:
D:3 3 runed translucent doors, javelincjr's ghost, weakling DsHW; memesarefunni's ghost, weakling MiHu; sargonster's ghost, amateur HOMo


Innate Abilities, Weirdness & Mutations

You have a pair of horns on your head.
Your demonic aura sometimes causes spilled blood to erupt in flames.


Message History

You closely miss something. Something hits you but does no damage.
The orc misses you.
Your crimson imp hits the orc.
You closely miss something. Something hits you.
Your crimson imp blinks!
The orc hits you with a +0 dagger of venom.
You are poisoned.
You hit the orc.
You kill the orc!
You feel very sick. Something hits you.
You hit something but do no damage.
You feel sick. Something hits you but does no damage.
You hit something. Your headbutt misses something.
You feel sick. Something barely misses you.
You barely miss something. Your headbutt misses something.
You feel sick. Something hits you.
* * * LOW HITPOINT WARNING * * *
You miss something. Your headbutt misses something.
You feel sick. Something hits you.
* * * LOW HITPOINT WARNING * * *
Something hits you.
* * * LOW HITPOINT WARNING * * *
You miss something. You headbutt something!
You feel sick. Something hits you.
* * * LOW HITPOINT WARNING * * *
You hit something. Your punch misses something.
You feel sick.
You are no longer poisoned.
Something hits you.
* * * LOW HITPOINT WARNING * * *
Something misses your crimson imp.
Something barely misses your crimson imp.
Something hits your crimson imp.
Something barely misses your crimson imp.
Your crimson imp disappears in a puff of smoke!
Casting: Call Imp (safe; 14% risk of failure)
Confirm with . or Enter, or press ? or * to list all spells.
A beastly little devil appears in a puff of flame.
Something hits you but does no damage.
A magic dart appears from out of thin air!
The magic dart hits you!
You die...

#.# #.# . #. #.##. #. #.#
#.#.. #. #.#. #.#.# #.
#.#.#### #.#.# #) #.. ...#
#.#.# #. #..
#5.######.#.#####. #..
#@................
#####..##..#####..........
.........{.# #.#.>.....#
####..##).## #.######...
#. #))# #.# #... # #...#
#.# #... #...# #.# #...
....# #?# #... ...... #...


You could see a friendly crimson imp (summoned).

Vanquished Creatures
  An adder (D:3)
  A worm (D:2)
  A dart slug (D:1)
  3 orcs (D:3)
  4 ball pythons
  4 bats
  2 endoplasms
  2 giant cockroaches
  2 goblins (D:1)
  5 hobgoblins
  5 jackals (D:1)
  A quokka (D:2)
  2 frilled lizards (D:2)
  3 kobolds
  6 rats
42 creatures vanquished.

Vanquished Creatures (collateral kills)
  A scorpion (D:3)
  2 worms
  A kobold (D:3)
4 creatures vanquished.

Grand Total: 46 creatures vanquished

Notes
Turn   | Place    | Note
-------+----------+-------------------------------------------
     0 | D:1      | javelincjr the Demonspawn Hedge Wizard began the quest for
                  | the Orb.
     0 | D:1      | Reached XP level 1. HP: 13/13 MP: 4/4
   365 | D:1      | Reached skill level 1 in Translocations
   420 | D:1      | Gained mutation: You have a pair of small horns on your
                  | head. [demonic ancestry]
   420 | D:1      | Reached XP level 2. HP: 15/20 MP: 1/6
   746 | D:1      | Reached skill level 1 in Fighting
   758 | D:1      | Gained mutation: Your demonic aura sometimes causes spilled
                  | blood to erupt in flames. [demonic ancestry]
   758 | D:1      | Reached XP level 3. HP: 14/26 MP: 4/7
  1581 | D:2      | Found a faded altar of an unknown god.
  1587 | D:2      | Prayed at the altar of an unknown god.
  1587 | D:2      | Became a worshipper of Ignis, the Dying Flame
  1775 | D:2      | Learned a level 2 spell: Call Imp
  1778 | D:2      | Learned a level 2 spell: Blink
  2207 | D:3      | Found a runed translucent gate.
  2208 | D:3      | Found a runed translucent gate.
  2209 | D:3      | Found a runed translucent gate.
  2371 | D:3      | Noticed memesarefunni's ghost (weakling MiHu)
  2371 | D:3      | Noticed javelincjr's ghost (weakling DsHW)
  2371 | D:3      | Noticed sargonster's ghost (amateur HOMo)
  2506 | D:3      | Noticed a scorpion
  2511 | D:3      | Killed a scorpion
  2512 | D:3      | Gained mutation: You have a pair of horns on your head.
                  | [demonic ancestry]
  2512 | D:3      | Reached XP level 4. HP: 17/32 MP: 5/9
  2729 | D:3      | HP: 1/33 [something (1)]
  2736 | D:3      | Killed from afar by an orc wizard

Illustrated notes

Levels and vault maps discovered:
D:1:      dpeg_arrival_rooms_a, layout_rooms, st_stairs_9,
          chequers_decorated_corner, minivault_24, nrook_loot_triangle,
          chequers_jeans, columned_hall_lemuel
D:2:      layout_basic, chequers_ecumenical_altar_grove,
          wander_ebering_terrifying_dragon_lair
D:3:      layout_loops_ring, nicolae_vehumet_radiance, grunt_gozag_breadcrumbs,
          gammafunk_ghost_cemetery

Skill      XL: |  1  2 |
---------------+-------+-----
Translocations | 1 |  1.4
Fighting       | 1 |  1.7
Dodging        | 2 |  2.2
Armour         | |  0.9
Stealth        | |  1.7
Shields        | |  0.6
Spellcasting   | |  3.5
Conjurations   | |  1.8
Summonings     | |  1.7

Action                   |  1- 3 |  4- 6 || total
-------------------------+-------+-------++-------
Melee: Short sword       |    53 |    12 ||    65
       Headbutt          |    11 |     1 ||    12
       Punch             |     1 |       ||     1
 Cast: Magic Dart        |    72 |     4 ||    76
       Call Imp          |     5 |     3 ||     8
Armor: Robe              |     8 |     5 ||    13
Dodge: Dodged            |    30 |     2 ||    32
